 Dungeon Crawl Stone Soup version 0.28.0-45-g0d030f2227 (webtiles) character file.

Game seed: 14111344746062127471

3462 nickcage the Arsonist (level 9, -3/50 HPs)
             Began as a Deep Elf Fire Elementalist on Apr 5, 2022.
             Was a Follower of Vehumet.
             Shot with an arrow by a centaur (10 damage)
             ... on level 8 of the Dungeon.
             The game lasted 00:41:13 (10584 turns).

nickcage the Arsonist (Deep Elf Fire Elementalist) Turns: 10584, Time: 00:41:13

Health: -3/50      AC:  6    Str:  5    XL:     9   Next: 78%
Magic:  23/23      EV: 14    Int: 25    God:    Vehumet [*.....]
Gold:   404        SH:  0    Dex: 15    Spells: 19/25 levels left

rFire   . . .      SeeInvis .   i - +3 flail (protect)
rCold   . . .      Faith    .   (no shield)
rNeg    + . .      Spirit   .   a - +0 robe
rPois   .          Reflect  .   t - +0 helmet
rElec   .          Harm     .   d - +1 cloak
rCorr   .          Rampage  .   q - +0 pair of gloves
Will    .....                   (no boots)
Stlth   ++........              (no amulet)
HPRegen 0.16/turn               y - ring of positive energy
MPRegen 0.18/turn               (no ring)

@: no status effects
A: no striking features
a: Renounce Religion


You were on level 8 of the Dungeon.
You worshipped Vehumet.
Vehumet was aware of your devotion.
You visited 2 branches of the dungeon, and saw 9 of its levels.

You collected 452 gold pieces.
You spent 48 gold pieces at shops.

Inventory:

Hand Weapons
 b - a +0 dagger
 i - a +3 flail of protection (weapon)
Armour
 a - a +0 robe (worn)
 d - a +1 cloak (worn)
 q - a +0 pair of gloves (worn)
 t - a +0 helmet (worn)
Magical Staves
 m - a staff of poison
Jewellery
 y - a ring of positive energy (left hand)
Wands
 k - a wand of paralysis (7)
 r - a wand of digging (5)
 s - a wand of flame (24)
 v - a wand of mindburst (9)
 w - a wand of charming (10)
 A - a wand of acid (14)
Scrolls
 c - 2 scrolls of fog
 e - 2 scrolls of teleportation
 l - 2 scrolls of immolation
 x - a scroll of identify
 D - a scroll of vulnerability {unknown}
Potions
 f - 3 potions of ambrosia
 g - 7 potions of curing
 h - 7 potions of heal wounds {unknown}
 j - 2 potions of brilliance
 n - a potion of mutation {unknown}
 o - 4 potions of degeneration
 p - 3 potions of berserk rage
 u - a potion of flight {unknown}
 z - 2 potions of resistance {unknown}
 B - 2 potions of haste {unknown}
 C - a potion of might {unknown}


   Skills:
 - Level 3.1 Fighting
 - Level 5.2 Dodging
 - Level 2.4 Stealth
 + Level 8.9 Spellcasting
 + Level 6.1 Conjurations
 - Level 0.1 Necromancy
 + Level 10.4 Fire Magic
 - Level 3.0 Invocations


You had 19 spell levels left.
You knew the following spells:

 Your Spells              Type           Power      Damage    Failure   Level
b - Scorch                Fire           100%       2d10      1%          2
c - Flame Wave            Conj/Fire      51%        2d10      1%          4

Your spell library contained the following spells:

 Spells                   Type           Power      Damage    Failure   Level
 Freeze                   Ice            44%        1d6       5%          1
 Foxfire                  Conj/Fire      100%       2x1d9     1%          1
 Conjure Flame            Conj/Fire      51%        6-21      1%          3
 Inner Flame              Hex/Fire       37%        N/A       1%          3


Dungeon Overview and Level Annotations

Branches:
Dungeon (8/15)             Temple (1/1) D:6            Lair (0/6) D:8

Altars:
Ashenzari
Cheibriados
Elyvilon
Fedhas
Gozag
Hepliaklqana
Kikubaaqudgha
Makhleb
Nemelex Xobeh
Okawaru
Qazlal
Ru
Sif Muna
Trog
Vehumet
Wu Jian
Xom
Yredelemnul
Zin
The Shining One

Shops:
D:7 [![!

Annotations:
D:4 2 transporters, Robin; zeratav's ghost, amateur OpTm
D:6 3 runed translucent doors, Iusername's ghost, novice MiFi; Zeor's ghost, novice VSEn
D:8 Erica


Message History

Magic restored.
You sock the plant!
The plant begins to die.
The plant is lightly damaged.
A nearby plant withers and dies.
Found 18 stones.
A wraith comes into view.
Flames lash the wraith.
The wraith is moderately damaged.
The wraith's fire resistance burns away.
Flames lash the wraith.
The wraith is burned terribly!
The wraith is moderately damaged.
The wraith misses you.
Flames lash the wraith.
The wraith is burned terribly!
The wraith is severely damaged.
The wraith misses you.
Flames lash the wraith.
The wraith is burned terribly!
You destroy the wraith!
Vehumet accepts your kill.
You start resting.
Magic restored.
Found a stone staircase leading down.
You see here 9 gold pieces.
You now have 404 gold pieces (gained 9).
The centaur shouts!
Erica shouts!
You hear a shout!
The centaur zaps a wand.
The mass of ice explodes!
The iceblast engulfs you!
You hear an angry hiss.
Erica casts a spell at you. You resist with some effort.
Erica gestures at you while chanting. You resist with some effort.
The centaur shoots an arrow.
The arrow hits you.
The centaur zaps a wand.
The mass of ice explodes!
The iceblast engulfs you!
The centaur shoots an arrow.
The arrow barely misses you.
The centaur zaps a wand.
The mass of ice explodes!
The iceblast engulfs you!
* * * LOW HITPOINT WARNING * * *
The centaur shoots an arrow.
The arrow hits you.
* * * LOW HITPOINT WARNING * * *
The lava snake hisses angrily.
The centaur shoots an arrow.
The arrow hits you!
You die...

#..W: .)'.§.≈≈######
#g.#$ g.cDS≈.....#
#..# #8@≈≈≈.....#
##... ##.≈§W......# ≈
#.. ##8§≈§.......#
≈≈######≈§§≈........#
≈≈§§≈§§§≈§§.........#
.≈≈§≈§≈≈≈##.........#
..§.............@...#
#..§..........##.####
#..............#..#
....#..#..#..#....#
...#..#..#..#..#..#
#....#..#(.#..#...#
#...#..#..#..#....#
##.#..#..#..#..#.##
#...............#


You could see a six-headed hydra, Erica, a phantom, a gnoll sergeant, a centaur
and a lava snake.

Vanquished Creatures
  A komodo dragon (D:8)
  A wraith (D:8)
  5 yaks (D:6)
  Eustachio (D:5)
  A steam dragon (D:7)
  2 ice beasts
  An orc warrior (D:8)
  A necrophage (D:4)
  An ogre (D:7)
  A centaur (D:8)
  A phantom (D:7)
  A kobold brigand (D:6)
  A bullfrog (D:6)
  3 scorpions (D:6)
  2 howler monkeys (D:6)
  7 jellies
  4 crimson imps (D:7)
  4 hounds
  2 bullfrog zombies
  A gnoll shaman (D:8)
  3 orc priests
  A bullfrog skeleton (D:6)
  An iguana (D:6)
  3 orc wizards
  A hound zombie (D:4)
  5 adders
  8 gnolls
  A white imp (D:7)
  2 worms
  4 dart slugs
  21 orcs
  4 ball pythons
  3 bats
  20 endoplasms
  A giant cockroach (D:2)
  20 goblins
  9 hobgoblins
  5 jackals
  21 kobolds
  3 quokkas
  5 frilled lizards
  5 rats
187 creatures vanquished.

Vanquished Creatures (others)
  33 foxfires
  5 fungi (D:3)
  8 plants
  11 toadstools (D:3)
  5 withered plants (D:6)
62 creatures vanquished.

Grand Total: 249 creatures vanquished

Notes
Turn   | Place    | Note
-------+----------+-------------------------------------------
     0 | D:1      | nickcage the Deep Elf Fire Elementalist began the quest for
                  | the Orb.
     0 | D:1      | Reached XP level 1. HP: 10/10 MP: 6/6
   217 | D:1      | Reached skill level 4 in Fire Magic
   217 | D:1      | Reached XP level 2. HP: 12/15 MP: 4/8
   286 | D:1      | Learned a level 2 spell: Scorch
   733 | D:1      | Reached XP level 3. HP: 5/19 MP: 0/9
  1097 | D:1      | Found a faded altar of an unknown god.
  1129 | D:1      | Reached skill level 5 in Fire Magic
  1676 | D:2      | Reached XP level 4. HP: 24/24 MP: 3/10
  2345 | D:2      | Reached skill level 6 in Fire Magic
  2818 | D:3      | Reached XP level 5. HP: 28/28 MP: 1/11
  2988 | D:3      | Reached skill level 7 in Fire Magic
  3279 | D:3      | Learned a level 4 spell: Flame Wave
  3315 | D:3      | Reached XP level 6. HP: 32/32 MP: 0/13
  3748 | D:4      | Noticed zeratav's ghost (amateur OpTm)
  3748 | D:4      | Found a transporter.
  3763 | D:4      | Noticed Robin
  4196 | D:4      | Found a stormy altar of Qazlal.
  4514 | D:4      | Found a white marble altar of Elyvilon.
  4593 | D:4      | Reached XP level 7. HP: 36/36 MP: 10/16
  4596 | D:4      | Reached skill level 8 in Fire Magic
  4744 | D:4      | Found a transporter.
  4745 | D:4      | Identified the +9 great mace "Grim Tooth" {vorpal, rPois}
  5202 | D:5      | Entered Level 5 of the Dungeon
  5209 | D:5      | Reached skill level 5 in Spellcasting
  5316 | D:5      | Noticed Eustachio
  5329 | D:5      | Killed Eustachio
  5651 | D:5      | Noticed a yak
  5652 | D:5      | Noticed a yak
  5653 | D:5      | Noticed a yak
  5755 | D:5      | Found a sand-covered staircase.
  5850 | D:5      | Noticed a yak
  5852 | D:5      | Noticed a yak
  6129 | D:6      | Reached XP level 8. HP: 38/41 MP: 10/19
  6130 | D:6      | Reached skill level 9 in Fire Magic
  6418 | D:6      | Found a staircase to the Ecumenical Temple.
  6432 | Temple   | Entered the Ecumenical Temple
  6438 | Temple   | Became a worshipper of Vehumet
  6746 | D:6      | Found a hazy altar of Hepliaklqana.
  6879 | D:6      | Reached skill level 10 in Fire Magic
  7202 | D:6      | Found a runed translucent gate.
  7203 | D:6      | Found a runed translucent gate.
  7203 | D:6      | Found a runed translucent gate.
  7204 | D:6      | Noticed Iusername's ghost (novice MiFi)
  7204 | D:6      | Noticed Zeor's ghost (novice VSEn)
  7446 | D:6      | Reached skill level 1 in Fighting
  7604 | D:6      | HP: 2/43 [yak (9)]
  7606 | D:6      | Reached skill level 5 in Conjurations
  8040 | D:6      | HP: 1/44 [yak (9)]
  8413 | D:6      | Reached XP level 9. HP: 31/48 MP: 12/22
  8630 | D:7      | Found Poizxesa's Armour Shop.
  8671 | D:7      | Reached skill level 1 in Invocations
  8747 | D:7      | Found Muyfe's Armour Shoppe.
  8749 | D:7      | Found Gepneg's Distillery.
  8749 | D:7      | Found Eloemel's Distillery.
  8772 | D:7      | Bought a potion of brilliance for 48 gold pieces
  9268 | D:7      | Found a shimmering altar of Xom.
 10026 | D:8      | Noticed a six-headed hydra
 10070 | D:8      | Reached skill level 5 in Dodging
 10171 | D:8      | Noticed Erica
 10411 | D:8      | Found a staircase to the Lair.
 10412 | D:8      | Noticed a komodo dragon
 10414 | D:8      | Reached * piety under Vehumet
 10414 | D:8      | Offered knowledge of Freeze by Vehumet.
 10427 | D:8      | Killed a komodo dragon
 10584 | D:8      | Shot with an arrow by a centaur

Illustrated notes

Levels and vault maps discovered:
D:1:      dpeg_arrival_rooms_with_view, layout_basic, basic_ecumenical_altar
D:2:      layout_basic
D:3:      cheibrodos_fertilizer, layout_rooms
D:4:      layout_loops_ring, elyvilon_altar_1, amcnicky_altar_gilded,
          gammafunk_ghost_smash, hangedman_decor_points, uniq_robin
D:5:      layout_rooms, lightli_ossuary_entry_decrepit_ruins, dk_noncrumbling_4,
          uniq_eustachio
D:6:      layout_loops_ring, kennysheep_mini_moat,
          minmay_temple_entry_mini_moons, gammafunk_ghost_cemetery
D:7:      layout_basic, led_xom_imps, nicolae_wooded_promenade,
          eino_small_chamber_without_monster, minmay_stone_trees_medium,
          chequers_serial_rivers_micro_b
D:8:      layout_rooms, david_lair_shrubbed, minmay_misc_feat_diagonals,
          minmay_misc_feat_rows, amcnicky_mini_corridor_feature,
          kennysheep_island_fort, uniq_erica
Temple:   nicolae_temple_x_marks_the_god

Skill      XL: |  1  2  3  4  5  6  7  8  9 |
---------------+----------------------------+-----
Fire Magic     | 4 5 6 7 8 10 | 10.4
Conjurations   | 2 3 5 6 |  6.1
Spellcasting   | 4 6 7 8 |  8.9
Fighting       | 2 3 |  3.1
Invocations    | 3 |  3.0
Dodging        | 5 |  5.2
Stealth        | |  2.4
Necromancy     | |  0.1

Action                   |  1- 3 |  4- 6 |  7- 9 || total
-------------------------+-------+-------+-------++-------
Melee: Dagger            |     6 |       |       ||     6
       Flail             |       |    26 |    34 ||    60
 Cast: Foxfire           |    14 |     6 |       ||    20
       Scorch            |    39 |    85 |   146 ||   270
       Flame Wave        |       |       |     2 ||     2
  Use: Scroll            |       |       |    11 ||    11
 Stab: Sleeping          |     1 |     1 |       ||     2
Armor: Robe              |     6 |    11 |    28 ||    45
Dodge: Dodged            |    17 |    32 |    54 ||   103
